 Dungeon Crawl Stone Soup version 0.23.2-33-g5129a83184 (console) character file.

Game seed: 5555669527098333470

106 jt the Ruffian (level 4, -5/40 HPs)
             Began as a Troll Transmuter on July 22, 2019.
             Was an Initiate of Ru.
             Slain by an orc warrior
             ... wielding a +0 scimitar
              (24 damage)
             ... on level 3 of the Dungeon.
             The game lasted 00:04:45 (1618 turns).

jt the Ruffian (Troll Transmuter)                   Turns: 1618, Time: 00:04:46

Health: -5/40      AC:  6    Str: 18    XL:     4   Next: 55%
Magic:  13/13      EV:  9    Int: 10    God:    Ru [......]
Gold:   111        SH:  0    Dex: 10    Spells: 4/5 levels left

rFire    . . .     SeeInvis .     - Unarmed
rCold    . . .     Gourm    +   (no shield)
rNeg     . . .     Faith    .   b - +0 robe
rPois    .         Spirit   .   (helmet restricted)
rElec    .         Reflect  .   (no cloak)
rCorr    .         Harm     .   (gloves unavailable)
MR       .....                  (boots unavailable)
Stlth    +.........             (no amulet)
HPRegen  0.53/turn              r - ring of magical power
MPRegen  0.13/turn              (no ring)

@: flying, lightly drained
A: large, unfitting armour, claws 3, fast metabolism 3, gourmand, regeneration
1, shaggy fur 1, tough skin 3
a: Renounce Religion


You were on level 3 of the Dungeon.
You worshipped Ru.
Ru was noncommittal.
You were completely stuffed.

You visited 1 branch of the dungeon, and saw 3 of its levels.

You collected 111 gold pieces.

Inventory:

Hand Weapons
 j - a +0 spear
 q - a +0 dagger of draining
Missiles
 a - 22 arrows
 l - 8 stones
 s - 34 sling bullets
 u - 5 tomahawks (quivered)
Armour
 b - a +0 robe (worn)
Magical Staves
 t - an uncursed staff of fire {unknown}
Jewellery
 r - a ring of magical power (left claw)
Scrolls
 c - a scroll of fog {unknown}
 e - 2 scrolls of identify
 f - a scroll of blinking {unknown}
 g - a scroll of enchant weapon {unknown}
 h - a scroll of random uselessness {unknown}
 i - a scroll of noise {unknown}
 k - 3 scrolls of remove curse
 m - a scroll of magic mapping {unknown}
 o - a scroll of enchant armour {unknown}
 w - a scroll of fear {unknown}
Comestibles
 d - 5 rations
 p - 5 chunks of flesh


   Skills:
 - Level 0.7(0.5) Fighting
 - Level 1.5(1.3) Dodging
 + Level 5.4(5.1) Unarmed Combat
 - Level 1.2(1.0) Spellcasting
 - Level 1.3(1.1) Transmutations


You had 4 spell levels left.
You knew the following spells:

 Your Spells              Type           Power        Failure   Level  Hunger
a - Beastly Appendage     Tmut           #.....       22%         1    ##.....

Your spell library contained the following spells:

 Spells                   Type           Power        Failure   Level  Hunger
 Sticks to Snakes         Tmut           #.......     32%         2    ###....
 Spider Form              Tmut/Pois      #.........   63%         3    ####...
 Ice Form                 Ice/Tmut       #.......     95%         4    #####..
 Blade Hands              Tmut           #.........   99%         5    ######.


Dungeon Overview and Level Annotations

Branches:
Dungeon (3/15)

Altars:
Ru


Innate Abilities, Weirdness & Mutations

You are too large for most types of armour.
You have claws for hands.
Your metabolism is lightning-fast.
You like to eat raw meat.
Your natural rate of healing is unusually fast.
You are covered in fur. (AC +1)
You have extremely tough skin. (AC +3)


Message History

Okay, then.
The orc wizard gestures wildly while chanting.
The orc wizard blinks!
The orc priest calls upon Beogh to heal the orc wizard.
The orc wizard is healed somewhat.
There is a stone staircase leading down here.
The orc warrior closely misses you.
You fly downwards.
There is a stone staircase leading up here.
You aren't carrying any potions.
Okay, then.
You closely miss the orc warrior.
You scratch the orc warrior but do no damage.
The orc warrior barely misses you.
You barely miss the orc warrior.
The orc warrior hits you with a +0 scimitar!
You closely miss the orc warrior.
The orc warrior hits you with a +0 scimitar!!
Ouch! That really hurt!
You die...

##.....##
##.......##
#.........#
#.........#
#.........#
#.........#
#.....)...#
##....o<.##
#.....@...#
#.[.......#
#...........#
..
###.........#
.#
#.........#
..
##.........#
. ##.....##..
# ##.#.## #.#
# #.#.# ..
###


You could see an orc warrior.

Vanquished Creatures
  An orc wizard (D:2)
  2 adders (D:2)
  A worm (D:2)
  A dart slug (D:2)
  2 leopard geckos
  An orc (D:1)
  A ball python (D:2)
  A giant cockroach (D:1)
  5 hobgoblins
  10 jackals
  A quokka (D:2)
  9 bats
  2 frilled lizards (D:1)
  5 goblins
  7 kobolds
  2 rats
51 creatures vanquished.

Notes
Turn   | Place    | Note
-------+----------+-------------------------------------------
     0 | D:1      | jt the Troll Transmuter began the quest for the Orb.
     0 | D:1      | Reached XP level 1. HP: 18/18 MP: 1/1
   231 | D:1      | Reached XP level 2. HP: 26/26 MP: 2/2
   619 | D:1      | Reached skill level 4 in Unarmed Combat
   958 | D:2      | Reached XP level 3. HP: 30/32 MP: 3/3
  1247 | D:2      | Noticed an orc warrior
  1377 | D:2      | Noticed a hippogriff
  1384 | D:2      | Reached XP level 4. HP: 35/40 MP: 4/4
  1413 | D:2      | Found a sacrificial altar of Ru.
  1423 | D:2      | Became a worshipper of Ru the Awakened
  1440 | D:2      | Reached skill level 5 in Unarmed Combat
  1618 | D:3      | Slain by an orc warrior

Skill      XL: |  1  2  3  4 |
---------------+-------------+-----
Unarmed Combat | 4 5 |  5.4
Fighting       | |  0.7
Dodging        | |  1.5
Spellcasting   | |  1.2
Transmutations | |  1.3

Action                   |  1- 3 |  4- 6 || total
-------------------------+-------+-------++-------
Melee: Unarmed           |   135 |    25 ||   160
       Punch             |     5 |       ||     5
  Use: Potion            |     1 |     2 ||     3
       Scroll            |       |     1 ||     1
 Stab: Sleeping          |     1 |       ||     1
  Eat: Chunk             |    18 |     2 ||    20
Armor: Robe              |    78 |     9 ||    87
Dodge: Dodged            |    89 |    12 ||   101
